 Dungeon Crawl Stone Soup version 0.29.0-4-gdea44cf6ec (webtiles) character file.

Game seed: 1405029626155958580

11 qw the Chopper (level 2, 0/17 HPs)
             Began as a Tengu Warper on Aug 28, 2022.
             Slain by a quokka (3 damage)
             ... on level 1 of the Dungeon.
             The game lasted 00:00:02 (363 turns).

qw the Chopper (Tengu Warper)                        Turns: 363, Time: 00:00:03

Health: 0/17       AC:  3    Str: 11    XL:     2   Next: 29%
Magic:  6/6        EV: 11    Int: 13    God:
Gold:   59         SH:  0    Dex: 13    Spells: 5/5 levels left

rFire   . . .      SeeInvis .   a - +0 hand axe
rCold   . . .      Faith    .   (no shield)
rNeg    . . .      Spirit   .   b - +0 leather armour
rPois   .          Reflect  .   (helmet restricted)
rElec   .          Harm     .   (no cloak)
rCorr   .          Rampage  .   (no gloves)
Will    .....                   (boots unavailable)
Stlth   +.........              (no amulet)
HPRegen 0.05/turn               (no ring)
MPRegen 0.10/turn               (no ring)

@: no status effects
A: beak, talons 3
a: no special abilities


You were on level 1 of the Dungeon.
You visited 1 branch of the dungeon, and saw 1 of its levels.

You collected 59 gold pieces.


Innate Abilities, Weirdness & Mutations

You have a beak for a mouth.
You have claws for feet.


   Skills:
 - Level 2.0 Fighting
 + Level 3.2 Axes
 - Level 1.0 Throwing
 - Level 1.1 Armour
 - Level 2.1 Dodging
 - Level 2.0 Spellcasting
 - Level 2.4 Translocations


You had 5 spell levels left.
You didn't know any spells.
Your spell library contained the following spells:

 Spells                   Type           Power      Damage    Failure   Level
 Blink                    Tloc           14%        N/A       19%         2
 Gell's Gravitas          Tloc           7%         N/A       36%         3
 Lesser Beckoning         Tloc           7%         N/A       36%         3
 Teleport Other           Tloc           7%         N/A       36%         3
 Manifold Assault         Tloc           7%         N/A       98%         5

Inventory:

Hand Weapons
 a - a +0 hand axe (weapon)
 i - a +0 mace
Armour
 b - a +0 leather armour (worn)
 h - a +0 ring mail
Scrolls
 c - a scroll of blinking
 j - a scroll of teleportation {unknown}
 k - a scroll of amnesia {unknown}
Potions
 e - 2 potions of attraction {unknown}
 f - a potion of degeneration {unknown}
 g - a potion of heal wounds {unknown}

Dungeon Overview and Level Annotations

Branches:
Dungeon (1/15)

Altars:


Message History

You hit the kobold.
The kobold is moderately wounded.
The kobold hits you with a +0 short sword.
The kobold barely misses you.
A kobold comes into view. It is wielding a +0 short sword.
You hit the kobold but do no damage.
The kobold is moderately wounded.
You closely miss the quokka. The quokka closely misses you.
The kobold closely misses you.
You hit the kobold but do no damage.
The kobold is moderately wounded.
You barely miss the quokka. The quokka misses you.
The kobold hits you with a +0 short sword.
You barely miss the kobold. Your kick misses the kobold. You peck the kobold.
You kill the kobold!
You barely miss the quokka. The quokka misses you. The quokka bites you.
You closely miss the quokka. Your kick misses the quokka. You hit the kobold.
The kobold hits you with a +0 short sword.
The quokka closely misses you.
You completely miss the kobold.
The kobold is moderately wounded.
You hit the quokka. The quokka barely misses you.
The kobold hits you but does no damage.
You hit the kobold. Your kick misses the kobold. Your punch misses the kobold.
The kobold is severely wounded.
You closely miss the quokka. The quokka bites you.
The kobold closely misses you. The quokka completely misses you.
You hit the kobold but do no damage.
The kobold is severely wounded.
You miss the quokka. The kobold barely misses you.
The quokka barely misses you.
You closely miss the kobold. You peck the kobold, but do no damage.
The kobold is severely wounded.
You miss the quokka.
The kobold hits you with a +0 short sword.
The quokka bites you.
You die...

#### ### #.. ..# ######
### #.# ####.##......
..#####.####.##.#.....#
............#.#.......##
...........###..#r....$.
.#########..#...@K>$..#
.# #.#%.#.##..#.# .#
#.#........... .#
#.##.#.......#) .#
#.##.#.##.).... .#
#.##...# ..#.$. #.###..#
## ) #. ... .##


You could see a quokka and a kobold.

Vanquished Creatures
  A ball python (D:1)
  An endoplasm (D:1)
  A giant cockroach (D:1)
  A goblin (D:1)
  2 jackals (D:1)
  A quokka (D:1)
  2 frilled lizards (D:1)
  A kobold (D:1)
10 creatures vanquished.

Notes
Turn   | Place    | Note
-------+----------+-------------------------------------------
     0 | D:1      | qw the Tengu Warper began the quest for the Orb.
     0 | D:1      | Reached XP level 1. HP: 12/12 MP: 4/4
     0 | D:1      | 0 ||| qw: Version: 0.1-a-89-g26bdef1
     0 | D:1      | 0 ||| qw: Game counter: 3174
     0 | D:1      | 0 ||| qw: Always use a shield: true
     0 | D:1      | 0 ||| qw: God list: Okawaru
     0 | D:1      | 0 ||| qw: Allow faded altars: false
     0 | D:1      | 0 ||| qw: Do Orc after D:15 true
     0 | D:1      | 0 ||| qw: Do second Lair branch before Depths: true
     0 | D:1      | 0 ||| qw: Lair rune preference: random
     0 | D:1      | 0 ||| qw: Plans: Normal
     0 | D:1      | 0 ||| PLANNING D:1-11
    79 | D:1      | 79 ||| Stepping ~*~*~tactically~*~*~ (stealth).
   186 | D:1      | Reached skill level 3 in Axes
   186 | D:1      | Reached XP level 2. HP: 17/17 MP: 6/6
   363 | D:1      | HP: 3/17 [kobold/+0 short sword (2)]
   363 | D:1      | Slain by a quokka

Levels and vault maps discovered:
D:1:      lemuel_arrival_behind_the_door_large, layout_loops_ring

Skill      XL: |  1 |
---------------+----+-----
Axes           | 3 |  3.2
Fighting       | |  2.0
Throwing       | |  1.0
Armour         | |  1.1
Dodging        | |  2.1
Spellcasting   | |  2.0
Translocations | |  2.4

Action                   || total
-------------------------++-------
Melee: Hand axe          ||    23
       Kick              ||     3
       Peck              ||     2
Throw: Boomerang         ||     7
Armor: Leather armour    ||     2
Dodge: Dodged            ||    23

Table legend:
 A = Non-vault XP
 B = Vault XP
 C = Vault XP percentage of total XP
 D = Non-vault monster count
 E = Vault monster count
 F = Vault count percentage of total count
                 A         B        C        D         E       F
            +---------+---------+-------+---------+---------+-------
      Total |      17 |       0 |   0.0 |      10 |       0 |   0.0
            +---------+---------+-------+---------+---------+-------
        D:1 |      17 |       0 |   0.0 |      10 |       0 |   0.0
            +---------+---------+-------+---------+---------+-------
